 Dungeon Crawl Stone Soup version 0.16.2-12-gd0ad4c3 (webtiles) character file.

90 faibistes the Cudgeler (level 4, -3/45 HPs)
             Began as an Ogre Warper on Dec 7, 2017.
             Killed by nerve-wracking pain
             ... invoked by Grinder
              (7 damage)
             ... on level 3 of the Dungeon.
             The game lasted 00:08:31 (2618 turns).

faibistes the Cudgeler (Ogre Warper)                Turns: 2618, Time: 00:08:31

Health: -3/45      AC:  6    Str: 16    XL:     4   Next: 56%
Magic:  8/8        EV: 10    Int: 13    God:
Gold:   62         SH:  0    Dex:  9    Spells: 3 memorised, 3 levels left

rFire  . . .     SeeInvis .     a - +0 mace
rCold  . . .     Clarity  .     b - +0 robe
rNeg   . . .     SustAb   +     (shield restricted)
rPois  .         Gourm    .     (helmet restricted)
rElec  .         Spirit   .     l - +2 cloak
rCorr  .         Warding  .     (gloves unavailable)
rMut   .         Stasis   .     (boots unavailable)
MR     .....                    (no amulet)
Stlth  +.........               (no ring)
                                v - ring of sustain abilities

@: not resistant to hostile enchantments, very unstealthy
A: unfitting armour, tough skin 1
a: no special abilities


You were on level 3 of the Dungeon.
You were not hungry.

You visited 1 branch of the dungeon, and saw 4 of its levels.

You collected 62 gold pieces.

Inventory:

Hand weapons
 a - a +0 mace (weapon)
Missiles
 p - 8 stones (quivered)
Armour
 b - a +0 robe (worn)
 l - a +2 cloak (worn)
Jewellery
 v - a ring of sustain abilities (left hand)
Scrolls
 d - 2 scrolls of blinking
 e - a scroll of enchant armour {unknown}
 g - 2 scrolls of remove curse {unknown}
 m - a scroll of fear {unknown}
 r - a scroll of teleportation {unknown}
 t - a scroll of enchant weapon {unknown}
 w - a scroll of identify {unknown}
Potions
 k - a potion of brilliance
 q - a potion of heal wounds {unknown}
 s - a potion of might {unknown}
Books
 c - a book of Spatial Translocations

   Spells                             Type                      Level
   a - Apportation                    Translocation                1
   b - Blink                          Translocation                2
   c - Shroud of Golubria             Charms/Translocation         2
   d - Portal Projectile              Translocation                3
   e - Teleport Other                 Translocation                3
   f - Passage of Golubria            Translocation                4
Comestibles
 f - 2 meat rations
 h - a beef jerky
 j - 2 fruits
 n - a bread ration


   Skills:
 + Level 3.1 Fighting
 * Level 4.1 Maces & Flails
 * Level 1.8 Throwing
 + Level 0.8 Armour
 - Level 1.7 Dodging
 - Level 0.1 Stealth
 * Level 2.9 Spellcasting
 * Level 0.1 Charms
 * Level 2.7 Translocations


You had 3 spell levels left.
You knew the following spells:

 Your Spells              Type           Power        Failure   Level  Hunger
a - Apportation           Tloc           #.........   10%         1    #......
b - Shroud of Golubria    Chrm/Tloc      #.........   21%         2    ###....
d - Blink                 Tloc           N/A          14%         2    ###....


Dungeon Overview and Level Annotations

Branches:
Dungeon (4/15)
 Temple: D:4-7

Altars:

Annotations:
D:3 Grinder


Innate Abilities, Weirdness & Mutations

You are too large for most types of armour.
You have tough skin (AC +1).


Message History

It was a potion of cancellation.
Your magical effects are unravelling.
You feel magically purged.
You feel a little less clever now.
Grinder says, "I used to sell toenails on the black market."
Grinder gestures at you.
You barely resist. You closely miss Grinder.
Grinder is severely wounded.
Grinder barely misses you.
You hit Grinder.
Grinder is severely wounded.
Grinder gestures.
Grinder blinks!
You hit Grinder.
Grinder is almost dead.
Grinder hits you but does no damage. Grinder gestures at you.
Pain shoots through your body!
You die...

###.# #.#
#(# #(#
#.# #(#
#(#
#5#######
#.@.....#
#######.#
#


You could see Grinder.

Vanquished Creatures
  Terence (D:2)
  3 adders (D:2)
  A worm (D:2)
  A giant mite (D:1)
  2 giant geckos
  An ooze (D:1)
  3 giant cockroaches
  3 hobgoblins (D:1)
  4 jackals (D:1)
  A ball python (D:2)
  6 bats
  4 giant newts
  A goblin (D:3)
  7 kobolds
  5 rats
43 creatures vanquished.

Notes
Turn   | Place    | Note
--------------------------------------------------------------
     0 | D:1      | faibistes, the Ogre Warper, began the quest for the Orb.
     0 | D:1      | Reached XP level 1. HP: 22/22 MP: 3/3
   265 | D:1      | Reached skill level 3 in Maces & Flails
   352 | D:1      | Reached XP level 2. HP: 29/29 MP: 5/5
   794 | D:1      | Reached XP level 3. HP: 36/36 MP: 6/6
  1085 | D:1      | Learned a level 2 spell: Blink
  1088 | D:1      | Learned a level 2 spell: Shroud of Golubria
  1695 | D:2      | Noticed Terence
  1711 | D:2      | Killed Terence
  1711 | D:2      | Reached XP level 4. HP: 23/45 MP: 8/8
  2110 | D:2      | Reached skill level 4 in Maces & Flails
  2188 | D:3      | Noticed Grinder
  2607 | D:3      | Paralysed by Grinder for 4 turns
  2618 | D:3      | Killed from afar by Grinder

Action                   |  1- 3 |  4- 6 || total
-------------------------+-------+-------++-------
Melee: Mace              |   106 |    51 ||   157
Throw: Tomahawk          |    17 |    10 ||    27
       Stone             |       |    18 ||    18
 Cast: Shroud of Golubri |       |     2 ||     2
  Use: Potion            |       |     4 ||     4
  Eat: Chunk             |     3 |     2 ||     5
       Fruit             |       |     1 ||     1
